 Dungeon Crawl Stone Soup version 0.31-a0-263-ge8cad7f256 (webtiles) character file.

Game seed: 589619732544396195

95 qw the Shooter (level 4, -3/26 HPs)
             Began as a Gargoyle Hexslinger on July 13, 2023.
             Slain by a gnoll
             ... wielding a +0 flail
              (8 damage)
             ... on level 2 of the Dungeon.
             The game lasted 00:00:33 (1322 turns).

qw the Shooter (Gargoyle Hexslinger)                Turns: 1322, Time: 00:00:34

Health: -3/26      AC:  6    Str: 12    XL:     4   Next: 66%
Magic:  5/5        EV: 11    Int: 13    God:
Gold:   75         SH:  0    Dex: 14    Spells: 4/5 levels left

rFire   . . .        Y - +1 sling
rCold   . . .        (no shield)
rNeg    + . .        d - +0 leather armour
rPois   inf          (no helmet)
rElec   +            (no cloak)
rCorr   .            (no gloves)
SInv    .            (no boots)
Will    .....        (no amulet)
Stlth   +            (no ring)
HPRegen 0.24/turn    (no ring)
MPRegen 0.09/turn

%: no passive effects
@: no status effects
A: sickness immunity, AC +3, negative energy resistance 1, electricity
resistance, torment resistance 1, petrification resistance
a: no special abilities


You were on level 2 of the Dungeon.
You visited 1 branch of the dungeon, and saw 2 of its levels.

You collected 75 gold pieces.


Innate Abilities, Weirdness & Mutations

You are immune to sickness and miasma.
Your stone body is resilient. (AC +3)
You are immune to poison.
You resist negative energy. (rN+)
You are resistant to electric shocks. (rElec)
You are resistant to unholy torment.
You are immune to petrification.


   Skills:
 - Level 2.0 Fighting
 + Level 4.4 Ranged Weapons
 - Level 1.5 Dodging
 - Level 1.0 Spellcasting
 - Level 2.6 Hexes


You had 4 spell levels left.
You knew the following spells:

 Your Spells              Type           Power      Damage    Failure   Level
a - Slow                  Hex            28%        N/A       12%         1

Your spell library contained the following spells:

 Spells                   Type           Power      Damage    Failure   Level
 Inner Flame              Hex/Fire       4%         N/A       52%         3
 Portal Projectile        Hex/Tloc       8%         N/A       52%         3
 Cause Fear               Hex            3%         N/A       75%         4

Inventory:

Hand Weapons
 Y - a +1 sling (weapon)
Armour
 d - a +0 leather armour (worn)
Scrolls
 b - a scroll of teleportation {unknown}
 e - a scroll of vulnerability {unknown}
 f - a scroll of noise {unknown}
 i - a scroll of brand weapon {unknown}
 j - a scroll of identify {unknown}
Potions
 a - a potion of brilliance {unknown}
 c - a potion of might {unknown}
 g - a potion of haste
 h - a potion of curing {unknown}
 k - a potion of attraction {unknown}

Dungeon Overview and Level Annotations

Branches:
Dungeon (2/15)

Altars:


Message History

Enter note:
Enter note:
Enter note:
Enter note:
Enter note: You shoot a sling bullet.
The gnoll shouts!
The sling bullet hits the gnoll.
The gnoll is heavily wounded.
You shoot a sling bullet.
The sling bullet hits the gnoll but does no damage.
The gnoll is heavily wounded.
You shoot a sling bullet.
The sling bullet barely misses the gnoll.
You shoot a sling bullet.
The sling bullet hits the gnoll but does no damage.
The gnoll is heavily wounded.
You shoot a sling bullet. The sling bullet hits the gnoll.
The gnoll is moderately wounded.
You shoot a sling bullet.
The sling bullet hits the gnoll but does no damage.
The gnoll is moderately wounded.
The gnoll closely misses you. The gnoll barely misses you.
You shoot a sling bullet. The sling bullet hits the gnoll!
The gnoll is almost dead.
The gnoll hits you with a +0 club. The gnoll closely misses you.
You shoot a sling bullet. The sling bullet hits the gnoll.
The gnoll is almost dead.
The gnoll barely misses you. The gnoll hits you with a +0 flail!
The gnoll hits you with a +0 flail. The gnoll hits you with a +0 club.
You shoot a sling bullet. The sling bullet hits the gnoll!
You kill the gnoll!
You shoot a sling bullet.
The sling bullet hits the gnoll but does no damage.
The gnoll is heavily wounded.
The gnoll closely misses you. The gnoll barely misses you.
You shoot a sling bullet.
The sling bullet closely misses the gnoll.
The gnoll hits you with a +0 flail!
You die...

##.......%##.......)
#######......#.#........)
#.........####...........
#.........###.......>..<.
#........%....#..........
#.........##.......%.....
#.........##.............
#.........##.###..<.).!#.
########@g...# #.......##
#g#...# ##.....###
....### ##...## #..###
##### .... ..... [....
.....$.


You could see 2 gnolls.

Vanquished Creatures
  A gnoll (D:2)
  4 adders (D:2)
  5 dart slugs
  5 ball pythons
  4 bats (D:2)
  6 endoplasms
  A giant cockroach (D:1)
  3 hobgoblins
  2 frilled lizards (D:1)
  3 goblins (D:1)
  4 kobolds
  4 rats
42 creatures vanquished.

Notes
Turn   | Place    | Note
-------+----------+-------------------------------------------
     0 | D:1      | qw the Gargoyle Hexslinger began the quest for the Orb.
     0 | D:1      | Reached XP level 1. HP: 12/12 MP: 2/2
     0 | D:1      | 0 ||| qw: Version: 0.3-a-52-g30416fa
     0 | D:1      | 0 ||| qw: Game counter: 7152
     0 | D:1      | 0 ||| qw: Melee chars always use a shield: true
     0 | D:1      | 0 ||| qw: God list: Okawaru
     0 | D:1      | 0 ||| qw: Allow faded altars: false
     0 | D:1      | 0 ||| qw: Do Orc after clearing Dungeon:15 true
     0 | D:1      | 0 ||| qw: Do second Lair branch before Depths: true
     0 | D:1      | 0 ||| qw: Lair rune preference: random
     0 | D:1      | 0 ||| qw: Goals: Normal
     0 | D:1      | 0 ||| PLANNING D:1-11
    39 | D:1      | Found a faded altar of an unknown god.
   116 | D:1      | Reached XP level 2. HP: 16/16 MP: 3/3
   318 | D:1      | Reached skill level 3 in Ranged Weapons
   566 | D:1      | Reached XP level 3. HP: 21/21 MP: 4/4
  1005 | D:1      | 1005 ||| UPGRADING to +0 leather armour.
  1015 | D:1      | 1015 ||| DROPPING +0 robe.
  1016 | D:1      | 1016 ||| READING scroll labelled POCIPR JADGHIA.
  1017 | D:1      | 1017 ||| DRINKING 2 bubbling puce potions.
  1018 | D:1      | 1018 ||| DRINKING 2 metallic clear potions.
  1019 | D:1      | 1019 ||| DROPPING scroll of poison.
  1020 | D:1      | 1020 ||| DROPPING potion of magic.
  1240 | D:2      | Reached skill level 4 in Ranged Weapons
  1240 | D:2      | Reached XP level 4. HP: 24/26 MP: 5/5
  1319 | D:2      | HP: 4/26 [gnoll/+0 club (4)]
  1322 | D:2      | Slain by a gnoll

Levels and vault maps discovered:
D:1:      dpeg_arrival_round_a, layout_basic, serial_aquarium,
          aquarium_bridge_square [aquarium_subvault_bridge,
          aquarium_subvault_wall, aquarium_subvault_bridge,
          aquarium_subvault_bridge], aquarium_window_1, aquarium_window_1,
          aquarium_view_2d, aquarium_balcony_double_2, aquarium_pool_side,
          hellmonk_ecumenical_altar_run_dry
D:2:      layout_rooms

Skill      XL: |  1  2  3 |
---------------+----------+-----
Ranged Weapons | 3 4 |  4.4
Fighting       | 2 |  2.0
Dodging        | |  1.5
Spellcasting   | |  1.0
Hexes          | |  2.6

Action                     |  1- 3 |  4- 6 || total
---------------------------+-------+-------++-------
   Fire: Sling             |   114 |    26 ||   140
    Use: Potion            |     2 |       ||     2
         Scroll            |     1 |       ||     1
 Armour: Robe              |     3 |       ||     3
         Leather armour    |    22 |     5 ||    27
  Dodge: Dodged            |    39 |    15 ||    54

Table legend:
 A = Non-vault XP
 B = Vault XP
 C = Vault XP percentage of total XP
 D = Non-vault monster count
 E = Vault monster count
 F = Vault count percentage of total count
                 A         B        C        D         E       F
            +---------+---------+-------+---------+---------+-------
      Total |     137 |       0 |   0.0 |      42 |       0 |   0.0
            +---------+---------+-------+---------+---------+-------
        D:1 |      45 |       0 |   0.0 |      22 |       0 |   0.0
        D:2 |      92 |       0 |   0.0 |      20 |       0 |   0.0
            +---------+---------+-------+---------+---------+-------
